Crunch vs IceHogs

Created - May 8, 2021 at 20:44

Goals
1 2 3 T
Crunch 1 0 0 1
IceHogs 2 2 1 5
Shots
1 2 3 T
Crunch 15 9 14 38
IceHogs 12 11 5 28

1st period

1. Crunch , Pontus Aberg 39 (Oscar Sundqvist 49, William Nylander 39) at 3:32 (PP)
2. IceHogs , Teemu Pulkkinen 34 (Mikhail Grigorenko 18, Rhett Rakhshani 19) at 9:47
3. IceHogs , Tanner Richard 33 (Craig Cunningham 43) at 16:02

Penalties :
Mike Reilly (Roc) for Tripping (Minor) at 3:29

2nd period

4. IceHogs , Teemu Pulkkinen 35 (Rhett Rakhshani 20, Mikhail Grigorenko 19) at 1:14
5. IceHogs , Tanner Richard 34 (Craig Cunningham 44, Nick Mattson 19) at 6:12 (PP)

Penalties :
Matt Tennyson (Syr) for Holding (Minor) at 2:47, Oscar Sundqvist (Syr) for Hooking (Minor) at 5:25, Stefan Matteau (Roc) for Holding (Minor) at 10:51, Mike Reilly (Roc) for Hooking (Minor) at 18:01

3rd period

6. IceHogs , Rhett Rakhshani 15 (Teemu Pulkkinen 28, Ben Harpur 35) at 13:50

Penalties :
Ben Harpur (Roc) for Roughing (Minor) at 5:16, Rhett Rakhshani (Roc) for Hooking (Minor) at 11:29, Matt Tennyson (Syr) for Roughing (Minor) at 16:40

Goalie Stats

Alex Nedeljkovic (Syr), 8 saves from 9 shots - (0.889), 33:48 minutes
Kaapo Kahkonen (Syr), 15 saves from 19 shots - (0.789), L, 7-14-6, 26:12 minutes
Joe Cannata (Roc), 37 saves from 38 shots - (0.974), W, 31-20-5, 60:00 minutes

Players Stats for Crunch

Player Name              G  A  P  +/- PIM S  H  SB GA TA FO     MP     PP MP  PK MP  
------------------------------------------------------------------------------------
Axel Holmstrom           0  0  0  -3  0   1  1  0  0  0  3/5     8:43   0:00   0:00 
Brendan Guhle            0  0  0  -1  0   0  2  1  0  0  0/0    16:49   0:31   1:41 
Brock Boeser             0  0  0   0  0   2  2  0  0  0  0/0    16:12   3:14   0:00 
Chase De Leo             0  0  0  -1  0   2  0  0  0  0  4/11   13:48   0:19   1:07 
Cody Goloubef            0  0  0  -2  0   2  0  2  1  3  0/0    21:34   0:00   3:04 
Dalton Smith             0  0  0  -3  0   1  1  1  0  2  0/0     8:43   0:00   0:00 
Dylan Strome             0  0  0   0  0   0  1  0  0  0  8/19   18:05   3:14   1:32 
Jacob Larsson            0  0  0  -1  0   2  0  0  0  0  0/0    16:13   3:40   1:49 
Jeremy Lauzon            0  0  0  -1  0   4  1  2  0  1  0/0    20:37   3:40   1:43 
Kevin Fiala              0  0  0  -1  0   4  0  0  0  2  1/2    13:06   0:45   0:00 
Kirill Kaprizov          0  0  0  -1  0   0  1  0  0  2  0/0    13:11   0:03   0:47 
Matt Tennyson            0  0  0  -2  4   3  0  0  0  0  0/0    26:18   3:48   0:33 
Nicolas Aube-Kubel       0  0  0  -3  0   1  2  0  0  0  0/0     9:13   0:30   0:00 
Noah Hanifin             0  0  0  -1  0   1  1  2  0  0  0/0    18:31   4:19   0:40 
Oscar Sundqvist          0  1  1   0  2   4  2  0  1  0  10/18  19:10   4:13   2:06 
Pontus Aberg             1  0  1   0  0   8  0  0  0  0  0/0    17:05   4:13   0:00 
Teemu Hartikainen        0  0  0   0  0   2  2  1  0  1  1/1    19:19   3:09   2:51 
William Nylander         0  1  1   0  0   1  1  0  0  0  1/3    18:35   4:17   1:07 

Players Stats for IceHogs

Player Name              G  A  P  +/- PIM S  H  SB GA TA FO     MP     PP MP  PK MP  
------------------------------------------------------------------------------------
Ben Harpur               0  1  1   0  2   1  1  2  1  0  0/0    22:49   2:26   2:51 
Calle Andersson          0  0  0   1  0   0  0  1  0  0  0/0     5:56   0:00   0:00 
Craig Cunningham         0  2  2   1  0   3  1  0  0  0  1/2    18:13   2:07   3:17 
Curtis Lazar             0  0  0   0  0   2  0  0  0  0  0/5     7:19   0:00   0:00 
Duncan Siemens           0  0  0   1  0   0  0  1  0  0  0/0    13:14   0:00   1:42 
Julius Honka             0  0  0   1  0   0  0  3  0  0  0/0     6:25   0:00   0:29 
Kurtis Gabriel           0  0  0   0  0   0  0  0  0  0  0/0     2:47   0:00   2:47 
Martins Karsums          0  0  0   0  0   3  1  0  2  0  4/8    22:08   2:35   4:38 
Mattias Janmark          0  0  0   0  0   0  1  0  0  0  0/0     7:19   0:00   0:00 
Michael Chaput           0  0  0   0  0   1  4  0  3  0  14/25  17:34   2:35   0:27 
Mike Reilly              0  0  0   2  4   1  1  2  0  0  0/0    17:48   2:19   2:57 
Mikhail Grigorenko       0  2  2   3  0   0  0  0  0  0  2/4    13:38   0:00   1:57 
Myles Bell               0  0  0   0  0   1  1  0  0  0  1/1     4:24   1:00   0:00 
Nick Mattson             0  1  1   2  0   1  2  2  1  0  0/0    18:27   2:19   3:53 
Nick Paul                0  0  0   0  0   0  0  0  0  0  0/0     0:49   0:13   0:00 
Nikita Scherbak          0  0  0   0  0   0  0  0  0  0  0/0     0:00   0:00   0:00 
Oliver Bjorkstrand       0  0  0   1  0   1  0  0  1  0  0/0    14:52   2:07   0:00 
Patrick Russell          0  0  0   0  0   0  0  0  0  0  0/0     0:39   0:03   0:00 
Patrick Sieloff          0  0  0   1  0   0  0  2  0  0  0/0    11:23   0:00   0:00 
Petter Granberg          0  0  0   0  0   1  1  1  0  1  0/0    24:14   2:26   4:06 
Rhett Rakhshani          1  2  3   3  2   2  2  1  0  0  1/1    11:40   0:00   0:00 
Sam Reinhart             0  0  0   0  0   0  0  0  1  0  0/0     7:19   0:00   0:00 
Stefan Matteau           0  0  0   0  2   3  0  1  1  1  1/2    14:57   1:28   1:23 
Tanner Richard           2  0  2   1  0   3  1  0  1  0  6/10   14:59   2:07   0:07 
Teemu Pulkkinen          2  1  3   3  0   5  0  0  0  0  1/1    13:03   0:00   1:22 

3 Stars

1 - Teemu Pulkkinen (Roc)
2 - Joe Cannata (Roc)
3 - Rhett Rakhshani (Roc)

Power Play

Crunch - 1 on 5 Attempt(s) - 20.00%
IceHogs - 1 on 3 Attempt(s) - 33.33%

Penalty Kill

Crunch - 2 on 3 Attempt(s) - 66.67% - Score 0 goal in Penalty Kill
IceHogs - 4 on 5 Attempt(s) - 80.00% - Score 0 goal in Penalty Kill

Team Stat

Crunch - Hits : 17 - Faceoff Wins : 28 - Blocked Shots : 9 - Penalty Minutes : 6
IceHogs - Hits : 16 - Faceoff Wins : 31 - Blocked Shots : 16 - Penalty Minutes : 10

Official

Referees : Unknown
Linesman : Unknown

Game Notes

Alex Nedeljkovic enters game at 6:12 of 2nd period
Stefan Matteau is injured at 2:55 of 3rd period (Left Leg)

Finance

Level 1 -- Attendance: 1447 (72.35%) -- Ticket Income $57,880
Level 2 -- Attendance: 653 (65.30%) -- Ticket Income $13,060
Total Attendance: 2100 (70.00%)
Total Ticket Income: $70,940
Other Income: $3,547
Total Income: $74,487

Crunch

5 vs 5 Forward 
   Center                   Left Wing                Right Wing               Time % Phy DF OF 
 1 Oscar Sundqvist          William Nylander         Pontus Aberg             30     1   2  2  
 2 Dylan Strome             Teemu Hartikainen        Brock Boeser             30     1   2  2  
 3 Chase De Leo             Kirill Kaprizov          Kevin Fiala              25     1   2  2  
 4 Axel Holmstrom           Dalton Smith             Nicolas Aube-Kubel       15     1   2  2  

5 vs 5 Defense 
   Defense                  Defense                                           Time % Phy DF OF 
 1 Matt Tennyson            Cody Goloubef                                     40     1   2  2  
 2 Brendan Guhle            Jeremy Lauzon                                     30     1   2  2  
 3 Noah Hanifin             Jacob Larsson                                     20     1   2  2  
 4 Matt Tennyson            Noah Hanifin                                      10     1   2  2  

PowerPlay Forward 
   Center                   Left Wing                Right Wing               Time % Phy DF OF 
 1 Oscar Sundqvist          William Nylander         Pontus Aberg             60     1   2  2  
 2 Dylan Strome             Teemu Hartikainen        Brock Boeser             40     1   2  2  

PowerPlay Defense
   Defense                  Defense                                           Time % Phy DF OF 
 1 Matt Tennyson            Noah Hanifin                                      60     1   2  2  
 2 Jacob Larsson            Jeremy Lauzon                                     40     1   2  2  

Penalty Kill 4 Players Forward 
   Center                   Wing                     Time % Phy DF OF 
 1 Oscar Sundqvist          Teemu Hartikainen        60     1   2  2  
 2 Chase De Leo             William Nylander         40     1   2  2  

Penalty Kill 4 Players Defense
   Defense                  Defense                  Time % Phy DF OF 
 1 Matt Tennyson            Cody Goloubef            60     1   2  2  
 2 Brendan Guhle            Jeremy Lauzon            40     1   2  2  

Penalty Kill - 3 Players Forward 
   Forward                                           Time % Phy DF OF 
 1 Oscar Sundqvist                                   60     1   2  2  
 2 Teemu Hartikainen                                 40     1   2  2  

Penalty Kill - 3 Players Defense
   Defense                  Defense                  Time % Phy DF OF 
 1 Matt Tennyson            Cody Goloubef            60     1   2  2  
 2 Brendan Guhle            Jeremy Lauzon            40     1   2  2  

4 vs 4 Forward 
   Center                   Wing                     Time % Phy DF OF 
 1 Oscar Sundqvist          Pontus Aberg             60     1   2  2  
 2 Chase De Leo             Teemu Hartikainen        40     1   2  2  

4 vs 4 Defense
   Defense                  Defense                  Time % Phy DF OF 
 1 Matt Tennyson            Noah Hanifin             60     1   2  2  
 2 Jeremy Lauzon            Cody Goloubef            40     1   2  2  

Last Minutes Offensive
   Center                   Left Wing                Right Wing               Defense                  Defense                  
   Oscar Sundqvist          William Nylander         Pontus Aberg             Jeremy Lauzon            Noah Hanifin             

Last Minutes Defensive
   Center                   Left Wing                Right Wing               Defense                  Defense                  
   Oscar Sundqvist          Teemu Hartikainen        Kevin Fiala              Brendan Guhle            Cody Goloubef            

Goaltenders
Starting : Kaapo Kahkonen           
Backup : Alex Nedeljkovic         

Extra Forwards
Normal : William Nylander, Kevin Fiala, Kirill Kaprizov - PP : Nicolas Aube-Kubel, Kevin Fiala - PK : Teemu Hartikainen
Extra Defensemen
Normal : Brendan Guhle, Jeremy Lauzon, Matt Tennyson - PP : Brendan Guhle - PK : Jacob Larsson, Jeremy Lauzon
Penalty Shots
Pontus Aberg, William Nylander, Kirill Kaprizov, Kevin Fiala, Teemu Hartikainen

Scratches
Anthony Cirelli (Bruised Left Leg Injury), Sean Walker (Healthy), Michael Downing (Healthy), Max McCormick (Healthy), Charles-Olivier Roussel (Healthy)
Kyle Capobianco (Healthy), Keegan Iverson (Healthy)

IceHogs

5 vs 5 Forward 
   Center                   Left Wing                Right Wing               Time % Phy DF OF 
 1 Michael Chaput           Stefan Matteau           Martins Karsums          40     1   2  2  
 2 Tanner Richard           Craig Cunningham         Oliver Bjorkstrand       30     1   2  2  
 3 Mikhail Grigorenko       Teemu Pulkkinen          Rhett Rakhshani          20     1   2  2  
 4 Curtis Lazar             Mattias Janmark          Sam Reinhart             10     1   2  2  

5 vs 5 Defense 
   Defense                  Defense                                           Time % Phy DF OF 
 1 Petter Granberg          Ben Harpur                                        40     1   2  2  
 2 Nick Mattson             Mike Reilly                                       30     1   2  2  
 3 Patrick Sieloff          Duncan Siemens                                    20     1   2  2  
 4 Julius Honka             Calle Andersson                                   10     1   2  2  

PowerPlay Forward 
   Center                   Left Wing                Right Wing               Time % Phy DF OF 
 1 Michael Chaput           Stefan Matteau           Martins Karsums          60     1   2  2  
 2 Tanner Richard           Craig Cunningham         Oliver Bjorkstrand       40     1   2  2  

PowerPlay Defense
   Defense                  Defense                                           Time % Phy DF OF 
 1 Petter Granberg          Ben Harpur                                        60     1   2  2  
 2 Nick Mattson             Mike Reilly                                       40     1   2  2  

Penalty Kill 4 Players Forward 
   Center                   Wing                     Time % Phy DF OF 
 1 Martins Karsums          Stefan Matteau           60     1   2  2  
 2 Michael Chaput           Craig Cunningham         40     1   2  2  

Penalty Kill 4 Players Defense
   Defense                  Defense                  Time % Phy DF OF 
 1 Petter Granberg          Ben Harpur               60     1   2  2  
 2 Nick Mattson             Mike Reilly              40     1   2  2  

Penalty Kill - 3 Players Forward 
   Forward                                           Time % Phy DF OF 
 1 Martins Karsums                                   60     1   2  2  
 2 Stefan Matteau                                    40     1   2  2  

Penalty Kill - 3 Players Defense
   Defense                  Defense                  Time % Phy DF OF 
 1 Petter Granberg          Ben Harpur               60     1   2  2  
 2 Nick Mattson             Mike Reilly              40     1   2  2  

4 vs 4 Forward 
   Center                   Wing                     Time % Phy DF OF 
 1 Martins Karsums          Stefan Matteau           60     1   2  2  
 2 Michael Chaput           Craig Cunningham         40     1   2  2  

4 vs 4 Defense
   Defense                  Defense                  Time % Phy DF OF 
 1 Petter Granberg          Ben Harpur               60     1   2  2  
 2 Nick Mattson             Mike Reilly              40     1   2  2  

Last Minutes Offensive
   Center                   Left Wing                Right Wing               Defense                  Defense                  
   Michael Chaput           Stefan Matteau           Martins Karsums          Petter Granberg          Ben Harpur               

Last Minutes Defensive
   Center                   Left Wing                Right Wing               Defense                  Defense                  
   Michael Chaput           Stefan Matteau           Martins Karsums          Petter Granberg          Ben Harpur               

Goaltenders
Starting : Joe Cannata              
Backup : Mackenzie Blackwood      

Extra Forwards
Normal : Myles Bell, Nick Paul, Kurtis Gabriel - PP : Myles Bell, Nick Paul - PK : Kurtis Gabriel
Extra Defensemen
Normal : Patrick Sieloff, Duncan Siemens, Julius Honka - PP : Patrick Sieloff - PK : Duncan Siemens, Julius Honka
Penalty Shots
Martins Karsums, Stefan Matteau, Michael Chaput, Craig Cunningham, Tanner Richard

Scratches
Ross Johnston (Healthy), Zach Whitecloud (Healthy), Clark Bishop (Healthy), JJ. Piccinich (Healthy), Michael Giugovaz (Healthy)

% Time on Ice - Crunch

Lines # - Real PCT - Wanted PCT - Time Play
Normal Forward
1 - 28% - 30% - 13:13
2 - 27% - 30% - 12:59
3 - 26% - 25% - 12:21
4 - 18% - 15% - 8:43
Normal Defense
1 - 41% - 40% - 19:22
2 - 32% - 30% - 15:14
3 - 21% - 20% - 10:02
4 - 6% - 10% - 2:38
PP Forward
1 - 58% - 60% - 4:39
2 - 42% - 40% - 3:20
PP Defense
1 - 54% - 60% - 4:19
2 - 46% - 40% - 3:40
PK Forward
1 - 76% - 60% - 3:38
2 - 24% - 40% - 1:07
PK Defense
1 - 67% - 60% - 3:11
2 - 33% - 40% - 1:34
PK3 Forward
1 - 0% - 60%
2 - 0% - 40%
PK3 Defense
1 - 0% - 60%
2 - 0% - 40%
44 Forward
1 - 0% - 60%
2 - 0% - 40%
44 Defense
1 - 0% - 60%
2 - 0% - 40%
Last Minute Offensive  - 0:00
Last Minute Defensive  - 0:00
Total
Forward - 60:00
Defense - 60:00

% Time on Ice - IceHogs

Lines # - Real PCT - Wanted PCT - Time Play
Normal Forward
1 - 34% - 40% - 15:53
2 - 27% - 30% - 12:45
3 - 24% - 20% - 11:19
4 - 15% - 10% - 7:19
Normal Defense
1 - 37% - 40% - 17:42
2 - 26% - 30% - 12:15
3 - 24% - 20% - 11:23
4 - 13% - 10% - 5:56
PP Forward
1 - 55% - 60% - 2:38
2 - 45% - 40% - 2:07
PP Defense
1 - 51% - 60% - 2:26
2 - 49% - 40% - 2:19
PK Forward
1 - 94% - 60% - 7:32
2 - 6% - 40% - 0:27
PK Defense
1 - 51% - 60% - 4:06
2 - 49% - 40% - 3:53
PK3 Forward
1 - 0% - 60%
2 - 0% - 40%
PK3 Defense
1 - 0% - 60%
2 - 0% - 40%
44 Forward
1 - 0% - 60%
2 - 0% - 40%
44 Defense
1 - 0% - 60%
2 - 0% - 40%
Last Minute Offensive  - 0:00
Last Minute Defensive  - 0:00
Total
Forward - 60:00
Defense - 60:00

Play-by-Play

1st period


0:01 of 1st period - Michael Chaput wins face-off versus Oscar Sundqvist in neutral zone.
0:12 of 1st period - Wrist shot by Pontus Aberg.
0:12 of 1st period - Stopped by Joe Cannata without a rebound.
0:13 of 1st period - Dylan Strome wins face-off versus Tanner Richard in IceHogs zone.
0:47 of 1st period - Wrist shot by Rhett Rakhshani.
0:47 of 1st period - Shot Misses the Net.
1:30 of 1st period - Snap shot by Pontus Aberg.
1:30 of 1st period - Stopped by Joe Cannata with a rebound.
1:46 of 1st period - Slapshot by Brock Boeser.
1:46 of 1st period - Deflect By Dylan Strome.
1:46 of 1st period - Shot Misses the Net.
1:46 of 1st period - Puck is out of play.
1:47 of 1st period - Tanner Richard wins face-off versus Dylan Strome in IceHogs zone.
2:00 of 1st period - Snap shot by Brock Boeser.
2:00 of 1st period - Stopped by Joe Cannata with a rebound.
2:02 of 1st period - Slapshot by Matt Tennyson.
2:02 of 1st period - Shot Blocked by Patrick Sieloff.
2:12 of 1st period - Cody Goloubef is hit by Michael Chaput and loses puck.
2:47 of 1st period - Snap shot by Teemu Pulkkinen.
2:47 of 1st period - Shot Misses the Net.
3:06 of 1st period - Jeremy Lauzon is hit by Mattias Janmark and loses puck.
3:29 of 1st period - Minor Penalty to Mike Reilly for Tripping.
3:30 of 1st period - William Nylander wins face-off versus Martins Karsums in IceHogs zone.
3:32 of 1st period - Wrist shot by Pontus Aberg.
3:32 of 1st period - Deflect By Stefan Matteau.
3:32 of 1st period - Goal by Pontus Aberg - Crunch : 1 - IceHogs : 0.
3:33 of 1st period - Michael Chaput wins face-off versus Chase De Leo in neutral zone.
3:36 of 1st period - Slapshot by Stefan Matteau.
3:36 of 1st period - Shot Blocked by Cody Goloubef.
3:58 of 1st period - Tanner Richard is hit by William Nylander and loses puck.
4:03 of 1st period - Snap shot by Pontus Aberg.
4:03 of 1st period - Stopped by Joe Cannata without a rebound.
4:04 of 1st period - Dylan Strome wins face-off versus Michael Chaput in IceHogs zone.
4:05 of 1st period - Wrist shot by Teemu Hartikainen.
4:05 of 1st period - Shot Misses the Net.
4:39 of 1st period - Snap shot by Oscar Sundqvist.
4:39 of 1st period - Stopped by Joe Cannata with a rebound.
5:36 of 1st period - Wrist shot by Stefan Matteau.
5:36 of 1st period - Shot Misses the Net.
5:38 of 1st period - Snap shot by Michael Chaput.
5:38 of 1st period - Stopped by Kaapo Kahkonen with a rebound.
5:40 of 1st period - Slapshot by Ben Harpur.
5:40 of 1st period - Shot Misses the Net.
5:42 of 1st period - Snap shot by Stefan Matteau.
5:42 of 1st period - Stopped by Kaapo Kahkonen with a rebound.
5:44 of 1st period - Slapshot by Ben Harpur.
5:44 of 1st period - Deflect By Noah Hanifin.
5:44 of 1st period - Stopped by Kaapo Kahkonen with a rebound.
6:16 of 1st period - Slapshot by Mike Reilly.
6:16 of 1st period - Stopped by Kaapo Kahkonen without a rebound.
6:17 of 1st period - Tanner Richard wins face-off versus Chase De Leo in Crunch zone.
6:49 of 1st period - Off-side.
6:50 of 1st period - Oscar Sundqvist wins face-off versus Michael Chaput in neutral zone.
7:05 of 1st period - Snap shot by Martins Karsums.
7:05 of 1st period - Shot Misses the Net.
7:15 of 1st period - William Nylander is hit by Ben Harpur and loses puck.
8:00 of 1st period - Snap shot by Curtis Lazar.
8:00 of 1st period - Stopped by Kaapo Kahkonen without a rebound.
8:01 of 1st period - Teemu Hartikainen wins face-off versus Curtis Lazar in Crunch zone.
8:33 of 1st period - Stefan Matteau is hit by Brendan Guhle and loses puck.
8:52 of 1st period - Wrist shot by Tanner Richard.
8:52 of 1st period - Stopped by Kaapo Kahkonen without a rebound.
8:53 of 1st period - Tanner Richard wins face-off versus Dylan Strome in Crunch zone.
8:54 of 1st period - Slapshot by Craig Cunningham.
8:54 of 1st period - Deflect By Oliver Bjorkstrand.
8:54 of 1st period - Shot Blocked by Teemu Hartikainen.
8:54 of 1st period - Puck is out of play.
8:55 of 1st period - Tanner Richard wins face-off versus Dylan Strome in Crunch zone.
9:02 of 1st period - Wrist shot by Craig Cunningham.
9:02 of 1st period - Stopped by Kaapo Kahkonen with a rebound.
9:20 of 1st period - Jacob Larsson is hit by Martins Karsums and loses puck.
9:45 of 1st period - Snap shot by Rhett Rakhshani.
9:45 of 1st period - Stopped by Kaapo Kahkonen with a rebound.
9:47 of 1st period - Wrist shot by Mikhail Grigorenko.
9:47 of 1st period - Deflect By Teemu Pulkkinen.
9:47 of 1st period - Goal by Teemu Pulkkinen - Crunch : 1 - IceHogs : 1.
9:48 of 1st period - Dylan Strome wins face-off versus Michael Chaput in neutral zone.
10:15 of 1st period - Cody Goloubef is hit by Tanner Richard and loses puck.
11:39 of 1st period - Snap shot by Kevin Fiala.
11:39 of 1st period - Stopped by Joe Cannata with a rebound.
11:41 of 1st period - Slapshot by Jeremy Lauzon.
11:41 of 1st period - Stopped by Joe Cannata without a rebound.
11:42 of 1st period - Michael Chaput wins face-off versus Dylan Strome in IceHogs zone.
11:58 of 1st period - Wrist shot by Brock Boeser.
11:58 of 1st period - Stopped by Joe Cannata with a rebound.
13:29 of 1st period - Wrist shot by Kevin Fiala.
13:29 of 1st period - Stopped by Joe Cannata without a rebound.
13:30 of 1st period - Stefan Matteau wins face-off versus Dylan Strome in IceHogs zone.
13:41 of 1st period - Slapshot by Cody Goloubef.
13:41 of 1st period - Shot Blocked by Ben Harpur.
13:43 of 1st period - Wrist shot by Matt Tennyson.
13:43 of 1st period - Stopped by Joe Cannata without a rebound.
13:44 of 1st period - Oscar Sundqvist wins face-off versus Michael Chaput in IceHogs zone.
13:59 of 1st period - Slapshot by Stefan Matteau.
13:59 of 1st period - Stopped by Kaapo Kahkonen with a rebound.
14:57 of 1st period - Snap shot by Pontus Aberg.
14:57 of 1st period - Stopped by Joe Cannata without a rebound.
14:58 of 1st period - Mikhail Grigorenko wins face-off versus Oscar Sundqvist in IceHogs zone.
15:34 of 1st period - Snap shot by Teemu Pulkkinen.
15:34 of 1st period - Deflect By Rhett Rakhshani.
15:34 of 1st period - Shot Misses the Net.
15:34 of 1st period - Puck is out of play.
15:35 of 1st period - Dylan Strome wins face-off versus Stefan Matteau in Crunch zone.
16:02 of 1st period - Snap shot by Tanner Richard.
16:02 of 1st period - Goal by Tanner Richard - Crunch : 1 - IceHogs : 2.
16:03 of 1st period - Michael Chaput wins face-off versus Dylan Strome in neutral zone.
16:28 of 1st period - Ben Harpur is hit by Nicolas Aube-Kubel and loses puck.
16:49 of 1st period - Snap shot by Dalton Smith.
16:49 of 1st period - Deflect By Pontus Aberg.
16:49 of 1st period - Stopped by Joe Cannata with a rebound.
16:55 of 1st period - Snap shot by William Nylander.
16:55 of 1st period - Shot Misses the Net.
16:57 of 1st period - Slapshot by Matt Tennyson.
16:57 of 1st period - Shot Misses the Net.
16:59 of 1st period - Slapshot by Matt Tennyson.
16:59 of 1st period - Shot Blocked by Nick Mattson.
17:06 of 1st period - Icing by Mike Reilly.
17:07 of 1st period - Chase De Leo wins face-off versus Mikhail Grigorenko in IceHogs zone.
17:12 of 1st period - Snap shot by Kevin Fiala.
17:12 of 1st period - Stopped by Joe Cannata without a rebound.
17:13 of 1st period - Chase De Leo wins face-off versus Michael Chaput in IceHogs zone.
17:24 of 1st period - Slapshot by Kevin Fiala.
17:24 of 1st period - Shot Blocked by Ben Harpur.
18:06 of 1st period - Slapshot by William Nylander.
18:06 of 1st period - Shot Misses the Net.
18:08 of 1st period - Wrist shot by Oscar Sundqvist.
18:08 of 1st period - Deflect By Mike Reilly.
18:08 of 1st period - Shot Blocked by Mike Reilly.
18:08 of 1st period - Puck is out of play.
18:09 of 1st period - Axel Holmstrom wins face-off versus Michael Chaput in IceHogs zone.
18:12 of 1st period - Slapshot by Dalton Smith.
18:12 of 1st period - Stopped by Joe Cannata with a rebound.
19:15 of 1st period - Snap shot by Sam Reinhart.
19:15 of 1st period - Deflect By Mattias Janmark.
19:15 of 1st period - Shot Misses the Net.
19:15 of 1st period - Puck is out of play.
19:16 of 1st period - Chase De Leo wins face-off versus Curtis Lazar in Crunch zone.
19:46 of 1st period - Snap shot by Martins Karsums.
19:46 of 1st period - Shot Hit the Post.
19:48 of 1st period - Slapshot by Michael Chaput.
19:48 of 1st period - Deflect By Stefan Matteau.
19:48 of 1st period - Stopped by Kaapo Kahkonen with a rebound.
19:50 of 1st period - Wrist shot by Martins Karsums.
19:50 of 1st period - Shot Blocked by Noah Hanifin.
Goals for this period are 1 for Crunch vs 2 for IceHogs.
Shots for this period are 15 for Crunch vs 12 for IceHogs.

2nd period


0:01 of 2nd period - Michael Chaput wins face-off versus William Nylander in neutral zone.
0:36 of 2nd period - Wrist shot by Teemu Hartikainen.
0:36 of 2nd period - Shot Misses the Net.
0:38 of 2nd period - Slapshot by Noah Hanifin.
0:38 of 2nd period - Deflect By Teemu Hartikainen.
0:38 of 2nd period - Stopped by Joe Cannata with a rebound.
0:40 of 2nd period - Slapshot by Matt Tennyson.
0:40 of 2nd period - Shot Blocked by Stefan Matteau.
1:00 of 2nd period - Wrist shot by Craig Cunningham.
1:00 of 2nd period - Deflect By Oliver Bjorkstrand.
1:00 of 2nd period - Shot Blocked by Brendan Guhle.
1:00 of 2nd period - Puck is out of play.
1:01 of 2nd period - Teemu Pulkkinen wins face-off versus Axel Holmstrom in Crunch zone.
1:06 of 2nd period - Snap shot by Teemu Pulkkinen.
1:06 of 2nd period - Stopped by Kaapo Kahkonen with a rebound.
1:08 of 2nd period - Snap shot by Mikhail Grigorenko.
1:08 of 2nd period - Shot Blocked by Jeremy Lauzon.
1:10 of 2nd period - Wrist shot by Rhett Rakhshani.
1:10 of 2nd period - Shot Misses the Net.
1:12 of 2nd period - Wrist shot by Teemu Pulkkinen.
1:12 of 2nd period - Stopped by Kaapo Kahkonen with a rebound.
1:14 of 2nd period - Slapshot by Teemu Pulkkinen.
1:14 of 2nd period - Goal by Teemu Pulkkinen - Crunch : 1 - IceHogs : 3.
1:15 of 2nd period - Michael Chaput wins face-off versus Oscar Sundqvist in neutral zone.
2:45 of 2nd period - Snap shot by Martins Karsums.
2:45 of 2nd period - Stopped by Kaapo Kahkonen with a rebound.
2:47 of 2nd period - Minor Penalty to Matt Tennyson for Holding.
2:48 of 2nd period - Oscar Sundqvist wins face-off versus Michael Chaput in Crunch zone.
2:48 of 2nd period - Oscar Sundqvist is hit by Michael Chaput.
3:44 of 2nd period - Brendan Guhle is hit by Michael Chaput and loses puck.
4:47 of 2nd period - Penalty to Matt Tennyson is over, Matt Tennyson is back on ice.
4:49 of 2nd period - Teemu Hartikainen is hit by Myles Bell.
4:59 of 2nd period - Petter Granberg is hit by Dylan Strome and loses puck.
5:07 of 2nd period - Icing by Ben Harpur.
5:08 of 2nd period - Myles Bell wins face-off versus Kevin Fiala in IceHogs zone.
5:08 of 2nd period - Myles Bell is hit by Kirill Kaprizov.
5:22 of 2nd period - Slapshot by Myles Bell.
5:22 of 2nd period - Stopped by Kaapo Kahkonen without a rebound.
5:23 of 2nd period - Oscar Sundqvist wins face-off versus Michael Chaput in Crunch zone.
5:25 of 2nd period - Minor Penalty to Oscar Sundqvist for Hooking.
5:26 of 2nd period - Michael Chaput wins face-off versus Dylan Strome in Crunch zone.
5:58 of 2nd period - Wrist shot by Craig Cunningham.
5:58 of 2nd period - Deflect By Oliver Bjorkstrand.
5:58 of 2nd period - Stopped by Kaapo Kahkonen without a rebound.
5:59 of 2nd period - Dylan Strome wins face-off versus Tanner Richard in Crunch zone.
6:12 of 2nd period - Wrist shot by Tanner Richard.
6:12 of 2nd period - Goal by Tanner Richard - Crunch : 1 - IceHogs : 4.
6:12 of 2nd period - Alex Nedeljkovic enters game.
6:13 of 2nd period - Oscar Sundqvist wins face-off versus Michael Chaput in neutral zone.
7:13 of 2nd period - Brendan Guhle is hit by Rhett Rakhshani and loses puck.
7:45 of 2nd period - Stefan Matteau is hit by Dalton Smith and loses puck.
8:21 of 2nd period - Wrist shot by Martins Karsums.
8:21 of 2nd period - Deflect By Michael Chaput.
8:21 of 2nd period - Shot Blocked by Jeremy Lauzon.
8:21 of 2nd period - Puck is out of play.
8:22 of 2nd period - Dylan Strome wins face-off versus Tanner Richard in Crunch zone.
8:38 of 2nd period - Wrist shot by Cody Goloubef.
8:38 of 2nd period - Shot Misses the Net.
8:59 of 2nd period - Wrist shot by Oscar Sundqvist.
8:59 of 2nd period - Stopped by Joe Cannata without a rebound.
9:00 of 2nd period - Oscar Sundqvist wins face-off versus Curtis Lazar in IceHogs zone.
9:25 of 2nd period - Jacob Larsson is hit by Craig Cunningham and loses puck.
9:52 of 2nd period - Snap shot by Cody Goloubef.
9:52 of 2nd period - Shot Blocked by Julius Honka.
10:30 of 2nd period - Slapshot by Matt Tennyson.
10:30 of 2nd period - Stopped by Joe Cannata without a rebound.
10:31 of 2nd period - Axel Holmstrom wins face-off versus Curtis Lazar in IceHogs zone.
10:38 of 2nd period - Wrist shot by Dalton Smith.
10:38 of 2nd period - Shot Blocked by Mike Reilly.
10:40 of 2nd period - Slapshot by Brendan Guhle.
10:40 of 2nd period - Shot Blocked by Nick Mattson.
10:42 of 2nd period - Slapshot by Axel Holmstrom.
10:42 of 2nd period - Stopped by Joe Cannata without a rebound.
10:43 of 2nd period - Dylan Strome wins face-off versus Michael Chaput in IceHogs zone.
10:51 of 2nd period - Minor Penalty to Stefan Matteau for Holding.
10:52 of 2nd period - Martins Karsums wins face-off versus William Nylander in IceHogs zone.
11:50 of 2nd period - Icing by Brock Boeser.
11:51 of 2nd period - Mikhail Grigorenko wins face-off versus Dylan Strome in Crunch zone.
12:51 of 2nd period - Penalty to Stefan Matteau is over, Stefan Matteau is back on ice.
12:58 of 2nd period - Wrist shot by Martins Karsums.
12:58 of 2nd period - Deflect By Curtis Lazar.
12:58 of 2nd period - Shot Misses the Net.
12:58 of 2nd period - Puck is out of play.
12:59 of 2nd period - Chase De Leo wins face-off versus Curtis Lazar in Crunch zone.
13:28 of 2nd period - Kevin Fiala is hit by Rhett Rakhshani and loses puck.
14:20 of 2nd period - Dalton Smith is hit by Nick Mattson and loses puck.
14:33 of 2nd period - Wrist shot by Tanner Richard.
14:33 of 2nd period - Shot Blocked by Noah Hanifin.
14:35 of 2nd period - Slapshot by Nick Mattson.
14:35 of 2nd period - Stopped by Alex Nedeljkovic with a rebound.
14:39 of 2nd period - Snap shot by Oliver Bjorkstrand.
14:39 of 2nd period - Shot Blocked by Dalton Smith.
14:41 of 2nd period - Wrist shot by Craig Cunningham.
14:41 of 2nd period - Stopped by Alex Nedeljkovic without a rebound.
14:42 of 2nd period - Michael Chaput wins face-off versus Dylan Strome in Crunch zone.
14:55 of 2nd period - Snap shot by Martins Karsums.
14:55 of 2nd period - Stopped by Alex Nedeljkovic with a rebound.
14:57 of 2nd period - Slapshot by Petter Granberg.
14:57 of 2nd period - Stopped by Alex Nedeljkovic with a rebound.
15:16 of 2nd period - Wrist shot by Oscar Sundqvist.
15:16 of 2nd period - Stopped by Joe Cannata without a rebound.
15:17 of 2nd period - Michael Chaput wins face-off versus Chase De Leo in IceHogs zone.
16:47 of 2nd period - Wrist shot by Stefan Matteau.
16:47 of 2nd period - Deflect By Martins Karsums.
16:47 of 2nd period - Shot Misses the Net.
16:47 of 2nd period - Puck is out of play.
16:48 of 2nd period - Michael Chaput wins face-off versus Chase De Leo in Crunch zone.
17:13 of 2nd period - Kevin Fiala is hit by Petter Granberg and loses puck.
17:28 of 2nd period - Slapshot by Kevin Fiala.
17:28 of 2nd period - Shot Misses the Net.
17:30 of 2nd period - Wrist shot by Kirill Kaprizov.
17:30 of 2nd period - Shot Misses the Net.
17:32 of 2nd period - Slapshot by Noah Hanifin.
17:32 of 2nd period - Stopped by Joe Cannata with a rebound.
17:34 of 2nd period - Wrist shot by Kevin Fiala.
17:34 of 2nd period - Shot Misses the Net.
17:36 of 2nd period - Slapshot by Noah Hanifin.
17:36 of 2nd period - Shot Blocked by Petter Granberg.
17:50 of 2nd period - Wrist shot by Kevin Fiala.
17:50 of 2nd period - Stopped by Joe Cannata with a rebound.
17:56 of 2nd period - Wrist shot by Kevin Fiala.
17:56 of 2nd period - Shot Blocked by Rhett Rakhshani.
17:58 of 2nd period - Wrist shot by Jacob Larsson.
17:58 of 2nd period - Stopped by Joe Cannata without a rebound.
17:59 of 2nd period - Michael Chaput wins face-off versus Dylan Strome in IceHogs zone.
18:01 of 2nd period - Minor Penalty to Mike Reilly for Hooking.
18:02 of 2nd period - Martins Karsums wins face-off versus Oscar Sundqvist in IceHogs zone.
18:15 of 2nd period - Snap shot by William Nylander.
18:15 of 2nd period - Stopped by Joe Cannata with a rebound.
18:37 of 2nd period - Wrist shot by Dylan Strome.
18:37 of 2nd period - Shot Misses the Net.
Goals for this period are 0 for Crunch vs 2 for IceHogs.
Shots for this period are 9 for Crunch vs 11 for IceHogs.

3rd period


0:01 of 3rd period - Penalty to Mike Reilly is over, Mike Reilly is back on ice.
0:01 of 3rd period - Oscar Sundqvist wins face-off versus Martins Karsums in neutral zone.
0:06 of 3rd period - Wrist shot by Pontus Aberg.
0:06 of 3rd period - Stopped by Joe Cannata with a rebound.
0:55 of 3rd period - Snap shot by Jeremy Lauzon.
0:55 of 3rd period - Shot Blocked by Julius Honka.
0:57 of 3rd period - Slapshot by Jeremy Lauzon.
0:57 of 3rd period - Shot Blocked by Calle Andersson.
0:59 of 3rd period - Wrist shot by Brock Boeser.
0:59 of 3rd period - Shot Misses the Net.
1:09 of 3rd period - Snap shot by Martins Karsums.
1:09 of 3rd period - Stopped by Alex Nedeljkovic with a rebound.
1:31 of 3rd period - Snap shot by Cody Goloubef.
1:31 of 3rd period - Shot Blocked by Julius Honka.
1:39 of 3rd period - Wrist shot by Dalton Smith.
1:39 of 3rd period - Deflect By Axel Holmstrom.
1:39 of 3rd period - Shot Misses the Net.
1:39 of 3rd period - Puck is out of play.
1:40 of 3rd period - Tanner Richard wins face-off versus Dylan Strome in IceHogs zone.
1:40 of 3rd period - Tanner Richard is hit by Brock Boeser.
1:48 of 3rd period - Slapshot by Brock Boeser.
1:48 of 3rd period - Shot Misses the Net.
1:50 of 3rd period - Snap shot by Brock Boeser.
1:50 of 3rd period - Shot Misses the Net.
2:28 of 3rd period - Off-side.
2:29 of 3rd period - Rhett Rakhshani wins face-off versus Chase De Leo in neutral zone.
2:39 of 3rd period - Kirill Kaprizov is hit by Mike Reilly and loses puck.
2:54 of 3rd period - Stefan Matteau is hit by Brock Boeser and loses puck.
2:55 of 3rd period - Stefan Matteau from IceHogs is injured at 2:55 of 3rd period (Left Leg).
2:56 of 3rd period - Dylan Strome wins face-off versus Michael Chaput in IceHogs zone.
4:13 of 3rd period - Matt Tennyson is hit by Nick Mattson and loses puck.
4:44 of 3rd period - Slapshot by Cody Goloubef.
4:44 of 3rd period - Shot Misses the Net.
4:46 of 3rd period - Slapshot by Cody Goloubef.
4:46 of 3rd period - Stopped by Joe Cannata with a rebound.
4:50 of 3rd period - Wrist shot by Kirill Kaprizov.
4:50 of 3rd period - Shot Misses the Net.
4:52 of 3rd period - Slapshot by Matt Tennyson.
4:52 of 3rd period - Stopped by Joe Cannata with a rebound.
4:54 of 3rd period - Slapshot by Chase De Leo.
4:54 of 3rd period - Stopped by Joe Cannata without a rebound.
4:55 of 3rd period - Michael Chaput wins face-off versus Axel Holmstrom in IceHogs zone.
5:10 of 3rd period - Wrist shot by Dalton Smith.
5:10 of 3rd period - Shot Misses the Net.
5:16 of 3rd period - Minor Penalty to Ben Harpur for Roughing.
5:17 of 3rd period - Oscar Sundqvist wins face-off versus Martins Karsums in IceHogs zone.
5:20 of 3rd period - Snap shot by Pontus Aberg.
5:20 of 3rd period - Shot Misses the Net.
5:22 of 3rd period - Slapshot by Pontus Aberg.
5:22 of 3rd period - Shot Blocked by Duncan Siemens.
5:24 of 3rd period - Snap shot by Pontus Aberg.
5:24 of 3rd period - Stopped by Joe Cannata with a rebound.
5:28 of 3rd period - Wrist shot by Oscar Sundqvist.
5:28 of 3rd period - Stopped by Joe Cannata without a rebound.
5:29 of 3rd period - Oscar Sundqvist wins face-off versus Martins Karsums in IceHogs zone.
6:20 of 3rd period - Craig Cunningham is hit by Oscar Sundqvist and loses puck.
6:41 of 3rd period - Kurtis Gabriel is hit by Teemu Hartikainen and loses puck.
7:16 of 3rd period - Penalty to Ben Harpur is over, Ben Harpur is back on ice.
7:43 of 3rd period - Snap shot by Nicolas Aube-Kubel.
7:43 of 3rd period - Shot Misses the Net.
7:45 of 3rd period - Slapshot by Jacob Larsson.
7:45 of 3rd period - Stopped by Joe Cannata with a rebound.
7:47 of 3rd period - Snap shot by Jeremy Lauzon.
7:47 of 3rd period - Stopped by Joe Cannata with a rebound.
7:49 of 3rd period - Snap shot by Nicolas Aube-Kubel.
7:49 of 3rd period - Stopped by Joe Cannata without a rebound.
7:50 of 3rd period - Kevin Fiala wins face-off versus Mikhail Grigorenko in IceHogs zone.
8:15 of 3rd period - Craig Cunningham is hit by Noah Hanifin and loses puck.
8:34 of 3rd period - Michael Chaput is hit by Brendan Guhle and loses puck.
9:44 of 3rd period - Wrist shot by Dalton Smith.
9:44 of 3rd period - Shot Misses the Net.
9:46 of 3rd period - Snap shot by Nicolas Aube-Kubel.
9:46 of 3rd period - Shot Misses the Net.
9:48 of 3rd period - Wrist shot by Nicolas Aube-Kubel.
9:48 of 3rd period - Shot Misses the Net.
10:14 of 3rd period - Slapshot by Pontus Aberg.
10:14 of 3rd period - Shot Blocked by Patrick Sieloff.
11:22 of 3rd period - Slapshot by Cody Goloubef.
11:22 of 3rd period - Deflect By Teemu Hartikainen.
11:22 of 3rd period - Stopped by Joe Cannata with a rebound.
11:24 of 3rd period - Snap shot by Cody Goloubef.
11:24 of 3rd period - Stopped by Joe Cannata with a rebound.
11:29 of 3rd period - Minor Penalty to Rhett Rakhshani for Hooking.
11:30 of 3rd period - Martins Karsums wins face-off versus Oscar Sundqvist in IceHogs zone.
12:29 of 3rd period - Ben Harpur is hit by Jeremy Lauzon and loses puck.
13:29 of 3rd period - Penalty to Rhett Rakhshani is over, Rhett Rakhshani is back on ice.
13:37 of 3rd period - Ben Harpur is hit by Axel Holmstrom and loses puck.
13:48 of 3rd period - Slapshot by Teemu Pulkkinen.
13:48 of 3rd period - Shot Misses the Net.
13:50 of 3rd period - Snap shot by Rhett Rakhshani.
13:50 of 3rd period - Goal by Rhett Rakhshani - Crunch : 1 - IceHogs : 5.
13:51 of 3rd period - Michael Chaput wins face-off versus Chase De Leo in neutral zone.
14:40 of 3rd period - Snap shot by Sam Reinhart.
14:40 of 3rd period - Shot Blocked by Cody Goloubef.
14:42 of 3rd period - Slapshot by Petter Granberg.
14:42 of 3rd period - Shot Misses the Net.
14:44 of 3rd period - Snap shot by Curtis Lazar.
14:44 of 3rd period - Stopped by Alex Nedeljkovic without a rebound.
14:45 of 3rd period - Martins Karsums wins face-off versus Oscar Sundqvist in Crunch zone.
15:10 of 3rd period - Craig Cunningham is hit by Teemu Hartikainen and loses puck.
15:33 of 3rd period - Snap shot by Teemu Pulkkinen.
15:33 of 3rd period - Stopped by Alex Nedeljkovic with a rebound.
15:53 of 3rd period - Snap shot by Chase De Leo.
15:53 of 3rd period - Stopped by Joe Cannata with a rebound.
15:59 of 3rd period - Noah Hanifin is hit by Michael Chaput and loses puck.
16:27 of 3rd period - Wrist shot by Craig Cunningham.
16:27 of 3rd period - Stopped by Alex Nedeljkovic without a rebound.
16:28 of 3rd period - Oscar Sundqvist wins face-off versus Craig Cunningham in Crunch zone.
16:40 of 3rd period - Minor Penalty to Matt Tennyson for Roughing.
16:41 of 3rd period - Michael Chaput wins face-off versus Oscar Sundqvist in Crunch zone.
17:18 of 3rd period - Icing by Nick Mattson.
17:19 of 3rd period - Craig Cunningham wins face-off versus Chase De Leo in IceHogs zone.
17:45 of 3rd period - Petter Granberg is hit by Oscar Sundqvist and loses puck.
18:40 of 3rd period - Penalty to Matt Tennyson is over, Matt Tennyson is back on ice.
19:02 of 3rd period - Duncan Siemens is hit by Nicolas Aube-Kubel and loses puck.
19:10 of 3rd period - Icing by Brendan Guhle.
19:11 of 3rd period - Axel Holmstrom wins face-off versus Tanner Richard in Crunch zone.
19:16 of 3rd period - Wrist shot by Jeremy Lauzon.
19:16 of 3rd period - Stopped by Joe Cannata with a rebound.
19:18 of 3rd period - Slapshot by Jeremy Lauzon.
19:18 of 3rd period - Shot Misses the Net.
19:20 of 3rd period - Wrist shot by Jeremy Lauzon.
19:20 of 3rd period - Stopped by Joe Cannata without a rebound.
19:21 of 3rd period - Tanner Richard wins face-off versus Oscar Sundqvist in IceHogs zone.
Goals for this period are 0 for Crunch vs 1 for IceHogs.
Shots for this period are 14 for Crunch vs 5 for IceHogs.